[Event "*** Titled Tuesday Blitz"]
[Site "Chess.com"]
[Date "2021.03.02"]
[Round "3"]
[White "Klavdia_Nik"]
[Black "Rozhkov_V"]
[Result "0-1"]
[WhiteElo "2062"]
[BlackElo "2328"]
[TimeControl "180+1"]
[EndTime "10:27:29 PST"]
[Termination "Rozhkov_V won on time"]

1. Nf3 d6 2. d4 g6 3. c4 Bg7 4.
Nc3 Nf6 5. e4 O-O 6. Be2 Nbd7 7.
O-O e5 8. Re1 exd4 9. Nxd4 Re8 10.
Bf1 Nc5 11. f3 Ne6 12. Be3 Nxd4 13. Bxd4 Nh5 14. Bxg7 Kxg7 15. Nd5 c6 16. Qd4+ Kg8 17. Nc3 Be6 18. Rad1 Qc7 19. Qxd6 Qb6+ 20. c5 Qxb2 21.
Qd2 Qb4 22. Qd4 Qa5 23. Qe3 b6 24. Rd6 Rac8 25. e5 Ng7 26. g4 Qxc5 27. Qxc5 bxc5 28. Ne4 Red8 29. a3 Ne8 30. Rxd8 Rxd8 31. Nxc5 Rd2 32. Re2 Rd1 0-1

[Event "*** Titled Tuesday Blitz"]
[Site "Chess.com"]
[Date "2021.03.02"]
[Round "3"]
[White "Hangar-18"]
[Black "arminmusovic"]
[Result "1-0"]
[WhiteElo "2374"]
[BlackElo "2535"]
[TimeControl "180+1"]
[EndTime "10:27:31 PST"]
[Termination "Hangar-18 won on time"]

1. c4 c5 2. Nc3 Nc6 3. Nf3 Nf6 4.
g3 g6 5. Bg2 Bg7 6. d4 cxd4 7.
Nxd4 O-O 8. c5 Ng4 9. Nb3 b6 10. O-O Rb8 11. h3 Nge5 12. Bf4 bxc5 13. Nxc5 Rxb2 14.
Qc1 Nc4 15. Nd5 d6 16. Qxc4 dxc5 17. Rad1 Nd4 18. Qxc5 Nxe2+ 19. Kh2 Kh8 20. Nxe7 Qb6 21. Qxb6 axb6 22. Nxc8 Nxf4 23. gxf4 1-0

[Event "*** Titled Tuesday Blitz"]
[Site "Chess.com"]
[Date "2021.03.02"]
[Round "3"]
[White "Yaacovn"]
[Black "Nozdrachev_Leonid"]
[Result "1-0"]
[WhiteElo "2789"]
[BlackElo "2553"]
[TimeControl "180+1"]
[EndTime "10:27:32 PST"]
[Termination "Yaacovn won by resignation"]

1. d4 Nf6 2. e3 d6 3. Nf3 g6 4.
Be2 Bg7 5. O-O O-O 6. b3 Nc6 7. Bb2 e5 8. dxe5 Ng4 9. c4 Ngxe5 10. Nxe5 Bxe5 11. Bxe5 Nxe5 12. Nc3 Bf5 13. e4 Bd7 14. f4 Nc6 15. Qd2 Re8 16. Rae1 a5 17. f5 Ne5 18. f6 Kh8 19. Nd5 c6 20. Qh6 Rg8 21. Ne7 Qf8 22. Nxg8 Kxg8 23. Qxf8+ Kxf8 24. Rd1 a4 25. b4 Be6 26.
Rxd6 Bxc4 27. Bxc4 Nxc4 28. Rd7 Re8 29. Rxb7 Rxe4 30.
Rd1 Re8 31. Rdd7 Ne5 32. Rdc7 g5 33. h3 h5 34. b5 cxb5 35. Rxb5 Kg8 36. Re7 1-0

[Event "*** Titled Tuesday Blitz"]
[Site "Chess.com"]
[Date "2021.03.02"]
[Round "3"]
[White "LyonBeast"]
[Black "esapunov"]
[Result "1-0"]
[WhiteElo "3113"]
[BlackElo "2711"]
[TimeControl "180+1"]
[EndTime "10:27:33 PST"]
[Termination "LyonBeast won by resignation"]

1. d4 Nf6 2. Bg5 d5 3. e3 c5 4. dxc5 e6 5. Nd2 Bxc5 6. Ngf3 h6 7. Bh4 Nc6 8. Bd3 O-O 9. O-O e5 10. e4 d4 11. a3 a5 12. Nc4 Re8 13. Bg3 Nd7 14.
a4 Qf6 15. Nfd2 Nb6 16. Nxb6 Bxb6 17. f4 exf4 18. Bxf4 Qe7 19. Qh5 Nb4 20. Bd6 Qd7 21. Bxb4 axb4 22. Bb5 Qe7 23. Bxe8 Qxe8 24. Nc4 Bc7 25.
Qc5 Qd8 26. e5 Be6 27. Qxb4 Qd5 28. b3 Rd8 29. Rad1 Bxe5 30. Qb5 Qxb5 31. axb5 Bc7 32.
b6 Bb8 33. Na5 Rd7 34. Rfe1 Bf4 35. Re4 Be3+ 36. Rxe3 dxe3 37. Rxd7 Bxd7 38. Nxb7 1-0

[Event "*** Titled Tuesday Blitz"]
[Site "Chess.com"]
[Date "2021.03.02"]
[Round "3"]
[White "digilik"]
[Black "Angel_Hranitel_37"]
[Result "0-1"]
[WhiteElo "2246"]
[BlackElo "2506"]
[TimeControl "180+1"]
[EndTime "10:27:35 PST"]
[Termination "Angel_Hranitel_37 won by resignation"]

1. e4 d5 2. exd5 Qxd5 3. Nc3 Qd6 4. d4 Nf6 5. Nf3 Bg4 6. h3 Bxf3 7. Qxf3 c6 8. Be3 e6 9. g4 Be7 10. a3 Nd5 11.
Ne4 Qc7 12. Bd2 Qb6 13. O-O-O Nd7 14. c4 N5f6 15. Bc3 Nxe4 16. Qxe4 Qb3 17. f4 Bxa3 18. Rd3 Bb4 19. f5 O-O-O 20. fxe6 fxe6 21. Bxb4 Qxb4 22. Rc3 Qa4 23. Bg2 Rhf8 24. Kb1 e5 25. dxe5 Nc5 26. Qc2 Qxc2+ 27. Rxc2 Nd3 28. Rd1 Nxe5 29. Rxd8+ Rxd8 30. Re2 Nxc4 31. Re7 Rd7 32. Re8+ Kc7 33. Rg8 Nd2+ 34. Kc2 Nc4 35. Be4 h6 36. Bd3 Ne5 37. Re8 Nxd3 0-1

[Event "*** Titled Tuesday Blitz"]
[Site "Chess.com"]
[Date "2021.03.02"]
[Round "3"]
[White "LamaChampetre"]
[Black "Pintacara"]
[Result "0-1"]
[WhiteElo "2196"]
[BlackElo "2492"]
[TimeControl "180+1"]
[EndTime "10:27:35 PST"]
[Termination "Pintacara won by resignation"]

1. d4 Nf6 2. c4 d6 3. Nf3 g6 4. h3 Bg7 5. Nc3 O-O 6. e4 e5 7. d5 a5 8. Be3 Na6 9. g4 Nd7 10. Be2 Kh8 11. h4 f5 12. gxf5 gxf5 13. exf5 Rxf5 14.
Ng5 Ndc5 15. Bg4 Rf8 16. Qc2 e4 17. Bxc8 Nb4 18. Qe2 Nbd3+ 19. Kf1 Qxc8 20. Ncxe4 Nxe4 21. Nxe4 Nxb2 22. Ng5 Qf5 23. Ne6 Nd3 24. Nxg7 Kxg7 25. Rg1+ Kh8 26. Bd4+ Ne5 27. Rg5 Qf4 28. Rxe5 Qxd4 29.
Re1 Qxe5 0-1

[Event "*** Titled Tuesday Blitz"]
[Site "Chess.com"]
[Date "2021.03.02"]
[Round "3"]
[White "Vuk2000"]
[Black "Diamantidis_13"]
[Result "1-0"]
[WhiteElo "2660"]
[BlackElo "2424"]
[TimeControl "180+1"]
[EndTime "10:27:36 PST"]
[Termination "Vuk2000 won by resignation"]

1. e4 c5 2. Nc3 Nc6 3. g3 g6 4.
Bg2 Bg7 5. d3 Nf6 6. Be3 d6 7. h3 Rb8 8. Qd2 b5 9. Bh6 O-O 10.
Bxg7 Kxg7 11. f4 b4 12. Nce2 Nd4 13. Nxd4 cxd4 14. Nf3 Qb6 15. Qf2 Ba6 16. Qxd4 Rfc8 17. Qxb6 Rxb6 18. Kd2 Nd7 19. h4 Nc5 20. Bh3 Rc7 21.
b3 Rb8 22. h5 gxh5 23. Nd4 Bc8 24. Bxc8 Rbxc8 25. Rxh5 Ne6 26. Nxe6+ fxe6 27. Rc1 Rc5 28.
Rxc5 Rxc5 29. c4 Rh5 30. d4 Rh2+ 31. Ke3 Rxa2 32. c5 dxc5 33. dxc5 Rb2 34. c6 Rxb3+ 35. Kd4 Rb1 36. Rxb1 1-0

[Event "*** Titled Tuesday Blitz"]
[Site "Chess.com"]
[Date "2021.03.02"]
[Round "3"]
[White "Piacramling"]
[Black "j2806"]
[Result "0-1"]
[WhiteElo "2291"]
[BlackElo "2081"]
[TimeControl "180+1"]
[EndTime "10:27:36 PST"]
[Termination "j2806 won by checkmate"]

1. d4 Nf6 2. Nf3 e6 3. g3 d5 4. Bg2 c5 5. O-O Nc6 6. c4 b6 7. cxd5 exd5 8. Nc3 Bb7 9. Bg5 Be7 10. dxc5 bxc5 11. Bxf6 Bxf6 12. Nxd5 O-O 13. Nxf6+ Qxf6 14. Qc2 Qe7 15. Rac1 Rac8 16. Qxc5 Qxe2 17. Rfe1 Qa6 18. Bf1 Qxa2 19. Ra1 Qb3 20. Nd2 Qxb2 21. Nc4 Qc3 22. Rac1 Qf6 23. Nd6 Nd4 24. Nxc8 Nf3+ 25. Kh1 Nxe1+ 26.
Kg1 Qf3 27. Ne7+ Kh8 28. Nc6 Rc8 29. Qe7 Bxc6 30. Rc5 Qh1# 0-1

[Event "*** Titled Tuesday Blitz"]
[Site "Chess.com"]
[Date "2021.03.02"]
[Round "3"]
[White "NikolaN98"]
[Black "1977Ivan"]
[Result "0-1"]
[WhiteElo "2520"]
[BlackElo "2761"]
[TimeControl "180+1"]
[EndTime "10:27:37 PST"]
[Termination "1977Ivan won by resignation"]

1. d3 e5 2. e4 Nc6 3. Nf3 Nf6 4. Be2 g6 5. c4 Bg7 6. Nc3 d6 7. Be3 O-O 8. h4 h5 9. Ng5 a6 10. f3 Nd4 11. g4 c6 12. Qd2 b5 13. O-O-O Qa5 14. Kb1 b4 15. Nd5 cxd5 16. exd5 Rb8 17. Bxd4 exd4 18. gxh5 Nxh5 19. f4 Ng3 20. h5 Bf5 21.
Rh2 Nxe2 22. Qxe2 b3 23. a3 Rfe8 24. Ne4 Rxe4 25. dxe4 Re8 26. Ka1 Rxe4 27. Qf1 d3 28. Qxd3 Qxa3+ 29. Kb1 Qa2+ 0-1

[Event "*** Titled Tuesday Blitz"]
[Site "Chess.com"]
[Date "2021.03.02"]
[Round "3"]
[White "losersgame"]
[Black "pastouche06"]
[Result "0-1"]
[WhiteElo "2318"]
[BlackElo "2533"]
[TimeControl "180+1"]
[EndTime "10:27:37 PST"]
[Termination "pastouche06 won by resignation"]

1. d4 d5 2. c4 e6 3. Nc3 a6 4. e4 dxe4 5. Nxe4 Bb4+ 6. Nc3 c5 7. a3 Ba5 8. Be3 Nf6 9. dxc5 Bxc3+ 10. bxc3 Qa5 11.
Qb3 Nc6 12. Nf3 Ng4 13. Bf4 Qxc5 14. Bg3 e5 15. Rd1 O-O 16. h3 Nf6 17. Be2 Ne4 18. Rd5 Qa7 19. Nxe5 Nxg3 20. fxg3 Re8 21. Nxc6 bxc6 22.
Rd3 Bf5 23. Rf3 Rab8 24. Qd1 Rb1 25. Rxf5 Rxd1+ 26. Kxd1 Qd7+ 0-1

[Event "*** Titled Tuesday Blitz"]
[Site "Chess.com"]
[Date "2021.03.02"]
[Round "3"]
[White "Gabix_94"]
[Black "Pelopidass"]
[Result "1-0"]
[WhiteElo "2809"]
[BlackElo "2607"]
[TimeControl "180+1"]
[EndTime "10:27:38 PST"]
[Termination "Gabix_94 won by checkmate"]

1. d4 Nf6 2. Nf3 g6 3. c4 Bg7 4. Nc3 O-O 5. Bg5 c5 6. e3 cxd4 7. Nxd4 Nc6 8. Be2 Nxd4 9. Qxd4 d6 10. O-O h6 11. Bh4 Be6 12. Qd2 Rc8 13. b3 Qa5 14. Rac1 g5 15. Bg3 Rfd8 16. e4 Nd7 17. Rfd1 Kf8 18.
f3 Ne5 19. Bf2 Ng6 20. Bf1 Be5 21. g3 Qc7 22. Nb5 Qd7 23. Nxa7 Bh3 24. Nb5 Bxf1 25. Rxf1 Qh3 26. Be3 Kg7 27. Qg2 Qd7 28. a4 Bf6 29.
Rfd1 h5 30. Bd4 h4 31. Bxf6+ Kxf6 32. c5 Kg7 33. cxd6 Rxc1 34. Rxc1 exd6 35. Rd1 Qc6 36. Qb2+ Kh6 37. Nd4 Qb6 38. Kg2 h3+ 39. Kxh3 Rc8 40.
Nf5+ Kh5 41. g4# 1-0

[Event "*** Titled Tuesday Blitz"]
[Site "Chess.com"]
[Date "2021.03.02"]
[Round "3"]
[White "ErikRonka"]
[Black "Fiona"]
[Result "1-0"]
[WhiteElo "2469"]
[BlackElo "2259"]
[TimeControl "180+1"]
[EndTime "10:27:38 PST"]
[Termination "ErikRonka won on time"]

1. e4 e5 2. Nc3 Nf6 3. Bc4 Bc5 4.
f4 d6 5. Nf3 Nc6 6. d3 Bg4 7.
Na4 Qe7 8. Nxc5 dxc5 9. Bb5 O-O 10. Bxc6 bxc6 11. b3 Nd7 12. O-O a5 13. h3 Bh5 14. g4 exf4 15. gxh5 Qf6 16. Bd2 a4 17. Kh2 axb3 18. axb3 Rxa1 19. Qxa1 Qh6 20. Rg1 f6 21. Qf1 Ra8 22. Rg2 Nf8 23. Nh4 Ne6 24. Nf5 Qxh5 25. Bxf4 Ra2 26. Be3 1-0

[Event "*** Titled Tuesday Blitz"]
[Site "Chess.com"]
[Date "2021.03.02"]
[Round "3"]
[White "MITerryble"]
[Black "Herman-NY"]
[Result "1-0"]
[WhiteElo "2919"]
[BlackElo "2463"]
[TimeControl "180+1"]
[EndTime "10:27:39 PST"]
[Termination "MITerryble won on time"]

1. e4 e5 2. Nf3 Nc6 3. c3 f5 4. d4 fxe4 5. Nxe5 Nf6 6. Bg5 d6 7. Nc4 d5 8. Ne3 Be6 9. c4 Ne7 10. Nc3 c6 11. cxd5 cxd5 12. Qb3 b6 13. Ba6 Rb8 14.
Rc1 Kf7 15. Nb5 h6 16. Bf4 Ng6 17. Bc7 Qe8 18. Bxb8 Qxb8 19. Rc7+ Kg8 20. O-O Bd6 21. Rfc1 Bxc7 22. Rxc7 Kh7 23. Qb4 Rd8 24. g3 1-0

[Event "*** Titled Tuesday Blitz"]
[Site "Chess.com"]
[Date "2021.03.02"]
[Round "3"]
[White "Romadk"]
[Black "Szparu"]
[Result "0-1"]
[WhiteElo "2420"]
[BlackElo "2651"]
[TimeControl "180+1"]
[EndTime "10:27:39 PST"]
[Termination "Szparu won by checkmate"]

1. d4 Nf6 2. Nf3 g6 3. c4 Bg7 4. Nc3 O-O 5. Bg5 d6 6. e3 c5 7. d5 e6 8. dxe6 Bxe6 9. Bf4 d5 10. Ng5 d4 11. Nxe6 fxe6 12. Nb5 Nc6 13. Bc7 Qd7 14.
Bd6 dxe3 15. Bxf8 exf2+ 16. Kxf2 Rxf8 17. Qxd7 Nxd7+ 18. Ke1 Bxb2 19. Rb1 Be5 20. Be2 a6 21. Na3 Bc3+ 22. Kd1 Nde5 23. Rxb7 Rd8+ 24. Kc1 Rd2 25. Bf3 Nd3+ 26. Kb1 Ncb4 27. Rd1 Rb2+ 28. Ka1 Rb3# 0-1

[Event "*** Titled Tuesday Blitz"]
[Site "Chess.com"]
[Date "2021.03.02"]
[Round "3"]
[White "Chimpinha"]
[Black "Grineva_Marianna"]
[Result "0-1"]
[WhiteElo "2416"]
[BlackElo "2233"]
[TimeControl "180+1"]
[EndTime "10:27:39 PST"]
[Termination "Grineva_Marianna won on time"]

1. d4 d6 2. c4 c6 3. Nc3 h6 4. e4 g5 5. h4 g4 6. h5 Bg7 7. Nge2 Nd7 8. Ng3 Nf8 9. Be3 Nf6 10. Be2 Qa5 11. a3 Bd7 12. b4 Qc7 13. Qd2 a5 14. O-O Ne6 15. Nf5 Bf8 16. d5 Ng5 17. Bxg5 hxg5 18.
Qxg5 Rxh5 19. Ng7+ Bxg7 20. Qxg7 Rh7 21. Qg5 O-O-O 22. f3 Rg8 23. Qe3 g3 24. f4 Rgh8 25.
Qxg3 Qb6+ 26. c5 dxc5 27. Na4 Qa7 28. bxc5 Nxe4 29. Qh3 Bxh3 30. gxh3 Nxc5 0-1

[Event "*** Titled Tuesday Blitz"]
[Site "Chess.com"]
[Date "2021.03.02"]
[Round "3"]
[White "ChronicUnhappiness"]
[Black "dodorox"]
[Result "1-0"]
[WhiteElo "2363"]
[BlackElo "2160"]
[TimeControl "180+1"]
[EndTime "10:27:39 PST"]
[Termination "ChronicUnhappiness won by checkmate"]

1. d4 Nf6 2. c4 e6 3. Nc3 d5 4.
cxd5 exd5 5. Bg5 Be7 6. e3 h6 7. Bh4 c6 8. Bd3 Nbd7 9. Nf3 Nh5 10. Bxe7 Qxe7 11. O-O O-O 12. Rb1 f5 13. Re1 g6 14. b4 a6 15. a4 Nhf6 16. b5 axb5 17. axb5 Ne4 18. Qb3 g5 19. bxc6 bxc6 20. Bxe4 fxe4 21.
Nd2 Qf7 22. Rf1 Ba6 23. Qb4 Rab8 24. Qd6 Rxb1 25. Rxb1 Qxf2+ 26. Kh1 Bf1 27. Qg6+ Kh8 28. Qxh6+ Kg8 29. Qxg5+ Kh8 30. h3 Bd3 31. Qh6+ Kg8 32. Qg5+ Kh8 33. Qh5+ Kg8 34. Qg4+ Kh8 35. Rb7 Nf6 36.
Qg7# 1-0

[Event "*** Titled Tuesday Blitz"]
[Site "Chess.com"]
[Date "2021.03.02"]
[Round "3"]
[White "Msb2"]
[Black "louis198"]
[Result "1-0"]
[WhiteElo "2892"]
[BlackElo "2645"]
[TimeControl "180+1"]
[EndTime "10:27:40 PST"]
[Termination "Msb2 won by resignation"]

1. d4 e6 2. Nf3 d5 3. e3 Bd6 4. Bd3 Ne7 5. c4 c6 6. Nc3 h6 7.
e4 dxe4 8. Nxe4 Bc7 9. O-O O-O 10. b3 Nf5 11. Bb2 Nd7 12. Ng3 Nxg3 13. hxg3 Re8 14. Bc2 Nf8 15. Qd3 b6 16. Rad1 Bb7 17. Rfe1 Qf6 18.
Qe2 Ng6 19. d5 Qxb2 20. d6 Bxd6 21. Rxd6 Qf6 22. Bxg6 Qxg6 23. Ne5 Qf6 24. Rd7 Re7 25. Red1 Rae8 26. Rxe7 Rxe7 27. Rd8+ Kh7 28. Nd7 Qa1+ 29. Kh2 g6 30. Qf3 f5 31. Qd3 c5 32. Qd6 Rf7 33. Nf8+ Kg7 34. Nxe6+ Kf6 35. Nf4+ 1-0

[Event "*** Titled Tuesday Blitz"]
[Site "Chess.com"]
[Date "2021.03.02"]
[Round "3"]
[White "manitodeplomo"]
[Black "baki83"]
[Result "0-1"]
[WhiteElo "2607"]
[BlackElo "2810"]
[TimeControl "180+1"]
[EndTime "10:27:42 PST"]
[Termination "baki83 won on time"]

1. d4 d5 2. c4 e6 3. Nf3 Nf6 4.
Nc3 Be7 5. Bg5 h6 6. Bxf6 Bxf6 7. Qc2 O-O 8. O-O-O b6 9. e4 Bb7 10. h4 dxe4 11.
Nxe4 Nc6 12. Rh3 Bxd4 13. c5 Nb4 14. Qb3 bxc5 15. Nxc5 Bxc5 16. Rxd8 Rfxd8 17. Bc4 Rab8 18. Qc3 Bxf3 19. Rxf3 Bd4 20. Qa3 a5 0-1

[Event "*** Titled Tuesday Blitz"]
[Site "Chess.com"]
[Date "2021.03.02"]
[Round "3"]
[White "pavelalexandru07"]
[Black "lucasmito"]
[Result "1-0"]
[WhiteElo "2288"]
[BlackElo "2508"]
[TimeControl "180+1"]
[EndTime "10:27:43 PST"]
[Termination "pavelalexandru07 won by resignation"]

1. e4 e5 2. Nf3 Nc6 3. Bb5 f5 4. Qe2 fxe4 5. Qxe4 Nf6 6. Qe2 Be7 7. Bxc6 dxc6 8.
Nxe5 O-O 9. O-O Bd6 10. d4 Qe8 11. Nd2 c5 12. Re1 cxd4 13. Qc4+ Be6 14. Qxd4 Qh5 15.
Ndf3 Rae8 16. Bf4 Qf5 17. Bg3 Qxc2 18. Rac1 Qf5 19. b4 Bxa2 20. Qxa7 Bd5 21. Qd4 c6 22. b5 Ne4 23. bxc6 bxc6 24. Nxc6 Nxg3 25. hxg3 Rxe1+ 26. Nxe1 h6 27. Nb4 Bxb4 28. Qxb4 Qxf2+ 29. Kh1 Qg1+ 30. Kxg1 1-0

[Event "*** Titled Tuesday Blitz"]
[Site "Chess.com"]
[Date "2021.03.02"]
[Round "3"]
[White "CraiggoryC"]
[Black "1800_strength"]
[Result "0-1"]
[WhiteElo "2255"]
[BlackElo "2509"]
[TimeControl "180+1"]
[EndTime "10:27:44 PST"]
[Termination "1800_strength won by resignation"]

1. e4 g5 2. d4 g4 3. Nc3 d6 4. Be3 Nc6 5. Qd2 Bg7 6. Be2 e5 7. d5 Nd4 8. h3 h5 9. hxg4 hxg4 10. Rxh8 Bxh8 11. O-O-O Qe7 12. f3 f5 13. exf5 Bxf5 14. fxg4 Bxc2 15. Re1 Nxe2+ 16. Kxc2 Nxc3 17. Qxc3 Nf6 18. Bg5 Qh7+ 19. Kc1 Nxd5 20. Qf3 Qf7 21. Qh3 Kd7 22.
Nf3 Rg8 23. Bd2 Kc8 24. g5+ Qd7 25. Qh5 a6 26. Rh1 e4 27. Qxh8 Qc6+ 28. Kb1 Rxh8 29.
Rxh8+ Kd7 30. Nd4 Qc4 31. Nf5 Qf1+ 0-1

[Event "*** Titled Tuesday Blitz"]
[Site "Chess.com"]
[Date "2021.03.02"]
[Round "3"]
[White "andy_rekt"]
[Black "ukchessbomber"]
[Result "0-1"]
[WhiteElo "2272"]
[BlackElo "2523"]
[TimeControl "180+1"]
[EndTime "10:27:45 PST"]
[Termination "ukchessbomber won by resignation"]

1. d4 g6 2. c4 Bg7 3. Nc3 Nc6 4. d5 Ne5 5. e4 d6 6. f4 Nd7 7. Nf3 Ngf6 8. Bd3 O-O 9. O-O e6 10. dxe6 fxe6 11. Bd2 Nc5 12. Bc2 a5 13. Qe1 b6 14. e5 dxe5 15. Nxe5 Bb7 16. Be3 Ne8 17. Bxc5 bxc5 18. Nxg6 Bd4+ 19. Kh1 hxg6 20. Qxe6+ Kh8 21. Qxg6 Qh4 22. Nd5 Nf6 23. Rf3 Nxd5 24. cxd5 Bxd5 25. Be4 Bxe4 26. Qxe4 Kg7 27. Rg3+ Qxg3 28. Qe7+ Rf7 29. Qxf7+ Kxf7 0-1

[Event "*** Titled Tuesday Blitz"]
[Site "Chess.com"]
[Date "2021.03.02"]
[Round "3"]
[White "Na_binci"]
[Black "Loy_Konstantin"]
[Result "0-1"]
[WhiteElo "2136"]
[BlackElo "2350"]
[TimeControl "180+1"]
[EndTime "10:27:45 PST"]
[Termination "Loy_Konstantin won by resignation"]

1. d4 Nf6 2. c4 c5 3. d5 b5 4. cxb5 a6 5. bxa6 Bxa6 6. Nc3 g6 7. e4 Bxf1 8. Kxf1 d6 9. g4 Bg7 10. Kg2 Nbd7 11. g5 Nh5 12. Nge2 Ra6 13. Ng3 Nxg3 14. hxg3 Qa8 15. a4 e6 16. Nb5 Qb7 17. dxe6 fxe6 18. Nxd6+ Rxd6 19. Qxd6 Qxe4+ 20. f3 Qe2+ 21. Kg1 Bd4+ 22.
Qxd4 cxd4 23. Bf4 Qxb2 24. Re1 O-O 25. Rxe6 d3 26. Rd6 Nc5 27. Rh2 Qb1+ 28. Kg2 Qa2+ 29.
Kh3 Qxa4 30. Be5 Rxf3 31. Rd8+ Kf7 32. Rh8 Ke6 33. Bf6 Ne4 34. Rb2 Nxf6 35. Rb6+ Ke5 36. gxf6 Rxf6 37. Re8+ Qxe8 0-1

[Event "*** Titled Tuesday Blitz"]
[Site "Chess.com"]
[Date "2021.03.02"]
[Round "3"]
[White "Elshan1985"]
[Black "DenisQ"]
[Result "1/2-1/2"]
[WhiteElo "2881"]
[BlackElo "2650"]
[TimeControl "180+1"]
[EndTime "10:27:46 PST"]
[Termination "Game drawn by repetition"]

1. Nf3 Nf6 2. g3 g6 3. d4 Bg7 4. Bg2 O-O 5. O-O d5 6. Bf4 c6 7. Qc1 Nbd7 8. Bh6 Ne4 9. Bxg7 Kxg7 10. c4 Ndf6 11. Rd1 Bg4 12. Nc3 Bxf3 13. Bxf3 Nxc3 14. Qxc3 e6 15. a4 a5 16. Rab1 Qe7 17. h4 h6 18.
b4 axb4 19. Rxb4 Ra7 20. Rdb1 Rfa8 21. Kg2 dxc4 22. Qxc4 Nd5 23. Bxd5 exd5 24. Qd3 Rxa4 25.
Rxb7 Qf6 26. e3 Ra2 27. R7b2 Rxb2 28. Rxb2 Re8 29. Rc2 Re6 30. Qe2 Qf5 31. Rc3 Qe4+ 32. Qf3 Qxf3+ 33. Kxf3 g5 34. hxg5 hxg5 35. Kg4 Kg6 36. Kf3 f5 37. Ra3 Kf6 38. Ra6 Kg6 39. Ra7 Kf6 40. Rh7 Kg6 41. Rc7 Kf6 42. g4 Kg6 43. Kg3 Kf6 44. Rh7 Kg6 45. gxf5+ Kxf5 46. Rg7 Rf6 47. Re7 Kg6 48. f3 Kf5 49. Re5+ Kg6 50.
Kg4 Kh6 51. Rf5 Re6 52. Re5 Rxe5 53. dxe5 Kg6 54. f4 gxf4 55. exf4 d4 56. f5+ Kf7 57. Kf3 c5 58. Ke4 Ke7 59. e6 Kf6 60. Kd3 Ke7 61. Kc4 Kd6 62. Kd3 Ke7 63. Kc4 Kd6 64. Kd3 Ke7 1/2-1/2

[Event "*** Titled Tuesday Blitz"]
[Site "Chess.com"]
[Date "2021.03.02"]
[Round "3"]
[White "JoliyRoger"]
[Black "Nuvas"]
[Result "0-1"]
[WhiteElo "2467"]
[BlackElo "2544"]
[TimeControl "180+1"]
[EndTime "10:27:46 PST"]
[Termination "Nuvas won by resignation"]

1. Nf3 d5 2. d4 Nf6 3. c4 c6 4. Nbd2 e6 5. Qc2 Nbd7 6. e3 Bd6 7. Bd3 O-O 8. b3 e5 9. cxd5 cxd5 10. dxe5 Nxe5 11. Nxe5 Bxe5 12. Bb2 Bxb2 13. Qxb2 d4 14. e4 b6 15. O-O Bb7 16. h3 Nd7 17. Rad1 Nc5 18.
Qb1 Re8 19. Rfe1 Qg5 20. Nf3 Qf4 21. Nd2 Rad8 22. f3 f5 23. Qc2 Nxd3 24. Qxd3 fxe4 25. fxe4 Kh8 26. Rf1 Qe3+ 27. Kh2 Qxd3 0-1

[Event "*** Titled Tuesday Blitz"]
[Site "Chess.com"]
[Date "2021.03.02"]
[Round "3"]
[White "Chamal_Gedgafov"]
[Black "Grieve72"]
[Result "0-1"]
[WhiteElo "2284"]
[BlackElo "2525"]
[TimeControl "180+1"]
[EndTime "10:27:46 PST"]
[Termination "Grieve72 won by resignation"]

1. d4 d5 2. c4 e6 3. Nc3 c6 4. cxd5 exd5 5. Nf3 Bd6 6. Bg5 Ne7 7. e3 Bf5 8. Bd3 Bxd3 9. Qxd3 O-O 10. O-O Nd7 11.
e4 dxe4 12. Nxe4 Bc7 13. Rfe1 Re8 14. Ng3 h6 15. Bxe7 Rxe7 16. Nf5 Rxe1+ 17. Rxe1 Qf6 18.
N3h4 Rd8 19. h3 g6 20. Nxh6+ Kg7 21. N6f5+ gxf5 22. Nxf5+ Kh8 23. Re4 Nc5 24. Qf3 Nxe4 25. Qh5+ Kg8 26. Nh6+ Kf8 27. Ng4 Qxd4 28. Qh6+ Qg7 29.
Qf4 Bxf4 0-1

[Event "*** Titled Tuesday Blitz"]
[Site "Chess.com"]
[Date "2021.03.02"]
[Round "3"]
[White "WonderChampion"]
[Black "Chernov_Mikhail"]
[Result "0-1"]
[WhiteElo "2091"]
[BlackElo "2343"]
[TimeControl "180+1"]
[EndTime "10:27:46 PST"]
[Termination "Chernov_Mikhail won by resignation"]

1. d4 d5 2. Bg5 c5 3. dxc5 Nc6 4. Nf3 h6 5. Bf4 Qa5+ 6. c3 Qxc5 7. e3 Nf6 8. Bd3 Bg4 9. O-O e5 10. Bxe5 Nxe5 11.
Qa4+ Bd7 12. Qd4 Nxf3+ 13. gxf3 Qxd4 14. exd4 Bh3 15. Re1+ Kd7 16. Nd2 Bd6 17. c4 Rhe8 18. c5 Rxe1+ 19. Rxe1 Bf4 20. Nb3 a6 21. Na5 Rb8 22.
Re2 Bc7 23. Nb3 Re8 24. Rxe8 Nxe8 25. Nd2 g6 26. Bc2 Ng7 27. Bb3 Ke6 28. f4 Bxf4 29.
Nf3 Nf5 30. Bc2 Bc1 31. b4 Bb2 32. Bxf5+ Bxf5 33. a4 Be4 34. Nd2 Bxd4 35. b5 Bxc5 36. bxa6 bxa6 37. Nb3 Bb6 38. a5 Ba7 39. Nd2 Ke5 40.
Kf1 Kd4 0-1

[Event "*** Titled Tuesday Blitz"]
[Site "Chess.com"]
[Date "2021.03.02"]
[Round "3"]
[White "Gabrielian_Artur"]
[Black "B-man"]
[Result "1-0"]
[WhiteElo "2790"]
[BlackElo "2555"]
[TimeControl "180+1"]
[EndTime "10:27:48 PST"]
[Termination "Gabrielian_Artur won by resignation"]

1. e4 e5 2. Nc3 Nc6 3. g3 Bc5 4. Bg2 d6 5. Nge2 a6 6. d3 Nge7 7. O-O O-O 8. Kh1 f5 9. f4 Kh8 10. a3 Ba7 11. b4 exf4 12. Nxf4 Bd4 13. Bb2 fxe4 14. dxe4 Qe8 15. Rb1 Bxc3 16. Bxc3 Ne5 17. Qd2 Bd7 18. Rf2 Ng4 19. Rff1 Bb5 20. Bxg7+ Kxg7 21. Ne6+ Kh8 22. Rxf8+ Qxf8 23. Nxf8 Rxf8 24. Qg5 Nf2+ 25.
Kg1 Ng6 26. a4 Bc4 27. b5 axb5 28. axb5 b6 29. Ra1 Ne5 30. Qe7 Rf7 31. Ra8+ Kg7 32.
Qg5+ Ng6 33. h4 h6 34. Rg8+ Kxg8 35. Qxg6+ Kf8 36. Qxh6+ Ke7 37. Qg5+ Ke6 38. h5 Be2 39. h6 1-0

[Event "*** Titled Tuesday Blitz"]
[Site "Chess.com"]
[Date "2021.03.02"]
[Round "3"]
[White "northridgehawk"]
[Black "AttilaTurzo"]
[Result "0-1"]
[WhiteElo "2350"]
[BlackElo "2543"]
[TimeControl "180+1"]
[EndTime "10:27:48 PST"]
[Termination "AttilaTurzo won by resignation"]

1. e4 c5 2. Nf3 d6 3. d4 cxd4 4. Nxd4 Nf6 5. Nc3 Nc6 6. f3 e5 7. Nb3 Be7 8. Be3 a5 9. Bb5 O-O 10. Qd2 Be6 11. O-O-O Qc7 12. Kb1 Rfd8 13. Nd5 Bxd5 14.
exd5 Nb4 15. c4 b6 16. a3 Na6 17. Bc6 Rab8 18. g4 Nd7 19. h4 Nac5 20. Nxc5 bxc5 21. h5 Qb6 22. Bb5 Qc7 23. g5 Rf8 24. Rhg1 Kh8 25.
Qd3 f5 26. gxf6 Nxf6 27. h6 g6 28. f4 exf4 29. Bxf4 Nh5 30. Bd2 Bf6 31. Rdf1 Bd4 32. Rg4 Be5 33. Re1 Bf6 34. Re6 Rf7 35. Rxg6 hxg6 36.
Qxg6 Rg8 37. Qxh5 Rg1+ 38. Ka2 Rf8 39. Qh2 Rg6 40. Be8 Rg4 41. Qg2 Rxg2 42. Bf4 Rxb2+ 43. Ka1 Re2+ 0-1

[Event "*** Titled Tuesday Blitz"]
[Site "Chess.com"]
[Date "2021.03.02"]
[Round "3"]
[White "hermionegrangermagic"]
[Black "LileKoridze"]
[Result "1-0"]
[WhiteElo "2603"]
[BlackElo "2407"]
[TimeControl "180+1"]
[EndTime "10:27:51 PST"]
[Termination "hermionegrangermagic won by resignation"]

1. e4 c5 2. Nf3 d6 3. d4 cxd4 4.
Nxd4 Nf6 5. Nc3 Nc6 6. Bg5 e6 7. Qd2 a6 8. O-O-O Bd7 9. f3 Be7 10. Be3 O-O 11. g4 Rc8 12. h4 Ne5 13. h5 h6 14. g5 hxg5 15. Bxg5 Nh7 16. Bxe7 Qxe7 17. f4 Nc4 18. Bxc4 Rxc4 19. h6 g6 20. f5 Rfc8 21. Rhg1 g5 22. Nf3 f6 23. Qxd6 Qxd6 24. Rxd6 Nf8 25.
e5 exf5 26. exf6 g4 27. Ne5 R4c7 28. Nd5 Rxc2+ 29. Kb1 Rh2 30. Ne7+ Kh8 31. Nxc8 Bxc8 32. Rd8 1-0